 Dungeon Crawl Stone Soup version 0.32-a0-893-gf85d74f360 (webtiles) character file.

Game seed: 12296336485866085885

1467 porpoise the Spear-Bearer (level 8, -7/65 HPs)
             Began as a Demonspawn Gladiator on Apr 4, 2024.
             Mangled by an orc warrior
             ... wielding a +0 scimitar
              (10 damage)
             ... on level 6 of the Dungeon.
             The game lasted 00:09:37 (5018 turns).

porpoise the Spear-Bearer (Demonspawn Gladiator)    Turns: 5018, Time: 00:09:37

Health: -7/65      AC:  7    Str: 16    XL:     8   Next: 48%
Magic:  8/8        EV: 11    Int:  8    God:
Gold:   351        SH:  0    Dex: 16    Spells: 7/7 levels left

rFire   . . .        a - +1 trident (freeze)
rCold   . . .        (no shield)
rNeg    . . .        n - +0 leather armour
rPois   .            c - +0 helmet
rElec   .            h - +2 cloak
rCorr   .            (no gloves)
SInv    .            (no boots)
Will    .....        (no amulet)
Stlth   +            (no ring)
HPRegen 0.30/turn    (no ring)
MPRegen 0.11/turn

%: no passive effects
@: mighty
A: hooves 1, powered by pain 2, demonic magic 1
a: no special abilities


You were on level 6 of the Dungeon.
You visited 1 branch of the dungeon, and saw 6 of its levels.

You collected 351 gold pieces.

Inventory:

Hand Weapons
 a - a +1 trident of freezing (weapon)
 b - a +0 sling
 v - a +0 vampiric lajatang
Missiles
 d - 4 throwing nets
 e - 4 javelins
 r - 8 poisoned darts (quivered)
Armour
 c - a +0 helmet (worn)
 h - a +2 cloak (worn)
 n - a +0 leather armour (worn)
Wands
 s - a wand of mindburst (5)
Scrolls
 f - a scroll of enchant weapon
 i - a scroll of brand weapon
 k - a scroll of vulnerability {unknown}
 m - a scroll of acquirement {unknown}
 p - a scroll of teleportation {unknown}
 t - 3 scrolls of blinking
 w - a scroll of fog {unknown}
Potions
 j - a potion of ambrosia
 l - a potion of mutation
 o - a potion of magic
 q - a potion of curing


   Skills:
 + Level 6.4 Fighting
 * Level 8.4 Polearms
 - Level 1.7 Throwing
 - Level 2.6 Dodging


You had 7 spell levels left.
You didn't know any spells.
Your spell library contained the following spells:

 Spells                   Type           Power      Damage    Failure   Level
 Cigotuvi's Dreadful Rot  Necr/Alch/Air  0%         N/A       63%         2
 Summon Ice Beast         Ice/Summ       0%         N/A       85%         3
 Animate Armour           Summ/Erth      0%         N/A       99%         4
 Dispel Undead            Necr           0%         3d6       99%         4
 Martyr's Knell           Necr/Summ      0%         N/A       99%         4
 Summon Lightning Spire   Summ/Air       0%         N/A       99%         4
 Lee's Rapid Deconstruct  Erth           0%         3d4*      100%        5
 Summon Mana Viper        Hex/Summ       0%         N/A       100%        5
 Monstrous Menagerie      Summ           0%         N/A       100%        7


Dungeon Overview and Level Annotations

Branches:
Dungeon (6/15)
 Temple: D:4-7

Altars:
Ashenzari
Dithmenos
Fedhas
Kikubaaqudgha
Trog
Uskayaw
Yredelemnul

Shops:
D:3 [


Innate Abilities, Weirdness & Mutations

You have large cloven feet.
You sometimes gain power by taking damage.
Spells you cast may paralyse adjacent enemies.


Message History

The orc warrior closely misses you. The orc hits you but does no damage.
The orc barely misses you. The orc closely misses you.
It was a potion of enlightenment.
You feel very buoyant.
You fly up into the air.
The orc warrior closely misses you. The orc hits you with a +0 mace.
* * * LOW HITPOINT WARNING * * *
The orc hits you but does no damage. The orc barely misses you.
It was a potion of cancellation.
Your magical effects are unravelling.
You feel magically purged.
You feel yourself slow down.
You float gracefully downwards.
Your enlightenment fades.
It was a potion of heal wounds.
You feel much better.
The orc warrior hits you with a +0 scimitar!
The orc closely misses you. The orc hits you but does no damage.
The orc barely misses you.
You barely miss the orc warrior. Your kick misses the orc warrior.
The orc warrior is moderately wounded.
The orc warrior closely misses you. The orc hits you but does no damage.
The orc misses you. The orc hits you but does no damage.
You hit the orc but do no damage.
The orc is moderately wounded.
The orc warrior hits you with a +0 scimitar!
* * * LOW HITPOINT WARNING * * *
You focus on the pain.
You feel very mighty all of a sudden. The orc misses you.
The orc barely misses you. The orc closely misses you.
You completely miss the orc. Your kick misses the orc.
The orc is moderately wounded.
The orc warrior hits you with a +0 scimitar!
* * * LOW HITPOINT WARNING * * *
The orc hits you but does no damage. The orc hits you with a +0 whip.
* * * LOW HITPOINT WARNING * * *
The orc closely misses you.
You barely miss the orc warrior.
The orc warrior is moderately wounded.
The orc warrior hits you with a +0 scimitar!
You die...

.###.#.##.........###.##.......#
.......##.........##...#.........
.###....÷........................
.# #...........................#.
..#.........................#####
...........................##
#.#................†......##.
###..........>..)o...........
.....#........o@#.##........
.##....##.....o)#..#..#.....
#..#..o#).....###<.. #.
##.....#....# ### ##....#..###
##......# #.....## #..#### ...#


You could see an orc warrior and 3 orcs.

Vanquished Creatures
  2 black bears
  3 ogres
  An ice beast (D:6)
  A phantom (D:5)
  A bullfrog (D:4)
  4 scorpions
  3 hounds
  A jelly (D:6)
  A bombardier beetle (D:4)
  A gnoll bouda (D:4)
  5 iguanas
  2 orc wizards
  10 gnolls
  5 adders
  3 ufetubi
  A dart slug (D:5)
  2 ribbon worms
  7 orcs
  3 endoplasms
  2 goblins
  4 hobgoblins
  4 jackals
  7 kobolds
  5 quokkas
  3 ball pythons
  3 bats
  5 rats
89 creatures vanquished.

Notes
Turn   | Place    | Note
-------+----------+-------------------------------------------
     0 | D:1      | porpoise the Demonspawn Gladiator began the quest for the
                  | Orb.
     0 | D:1      | Reached XP level 1. HP: 16/16 MP: 1/1
     3 | D:1      | Noticed an electric eel
     4 | D:1      | Noticed an electric eel
   180 | D:1      | Reached skill level 3 in Polearms
   233 | D:1      | Gained mutation: You have large cloven feet. [demonic
                  | ancestry]
   233 | D:1      | Reached XP level 2. HP: 22/22 MP: 2/2
  1138 | D:2      | Gained mutation: You sometimes gain a little power by
                  | taking damage. [demonic ancestry]
  1138 | D:2      | Reached XP level 3. HP: 28/28 MP: 3/3
  1779 | D:3      | Reached skill level 4 in Polearms
  1779 | D:3      | Gained mutation: You sometimes gain power by taking damage.
                  | [demonic ancestry]
  1779 | D:3      | Reached XP level 4. HP: 27/35 MP: 4/4
  1895 | D:3      | Found an ancient bone altar of Kikubaaqudgha.
  1921 | D:3      | Found Quny's Armour Shoppe.
  2521 | D:4      | Reached XP level 5. HP: 18/41 MP: 5/5
  2816 | D:4      | Found a shadowy altar of Dithmenos.
  2827 | D:4      | Reached skill level 5 in Polearms
  2848 | D:4      | Reached XP level 6. HP: 47/48 MP: 6/6
  3104 | D:4      | Found a hide-covered altar of Uskayaw.
  3302 | D:5      | Entered Level 5 of the Dungeon
  3359 | D:5      | Found a basalt altar of Yredelemnul.
  3377 | D:5      | Reached skill level 6 in Polearms
  3414 | D:5      | Gained mutation: Spells you cast may paralyse adjacent
                  | enemies. [demonic ancestry]
  3414 | D:5      | Reached XP level 7. HP: 25/55 MP: 7/7
  3824 | D:5      | Reached skill level 5 in Fighting
  3858 | D:5      | Reached skill level 7 in Polearms
  4310 | D:6      | Reached XP level 8. HP: 64/64 MP: 8/8
  4437 | D:6      | Found a broken altar of Ashenzari.
  4445 | D:6      | Found a bloodstained altar of Trog.
  4487 | D:6      | Found a blossoming altar of Fedhas.
  4749 | D:6      | Reached skill level 8 in Polearms
  5017 | D:6      | HP: 3/65 [orc/+0 whip (5)]
  5018 | D:6      | Mangled by an orc warrior

Illustrated notes

Levels and vault maps discovered:
D:1:      arrival_aquarium_b, layout_basic, minivault_14
D:2:      layout_basic
D:3:      layout_basic, general_overflow_altar, serial_shops,
          nicolae_shop_crystal
D:4:      black_bear_nest_2, layout_loops_corners,
          mainiacjoe_overflow_catwalk_spiral, serial_bayou_pond_e
D:5:      minmay_spotlight, layout_basic, kennysheep_little_box
D:6:      layout_cave_pools, nicolae_overflow_hidden_temple,
          grunt_decor_fettered

Skill      XL: |  1  2  3  4  5  6  7  8 |
---------------+-------------------------+-----
Polearms       | 3 4 5 6 7 8 |  8.4
Fighting       | 3 4 5 6 |  6.4
Throwing       | |  1.7
Dodging        | |  2.6

Action                     |  1- 3 |  4- 6 |  7- 9 || total
---------------------------+-------+-------+-------++-------
  Melee: Trident           |    97 |   102 |   132 ||   331
         Kick              |     9 |    30 |    32 ||    71
  Throw: Dart              |       |       |     4 ||     4
    Use: Scroll            |       |     4 |     4 ||     8
         Potion            |       |     2 |     4 ||     6
 Armour: Leather armour    |    56 |    61 |    85 ||   202
  Dodge: Dodged            |    53 |    65 |    75 ||   193

Table legend: (Time is in decaauts)
 A = Elapsed time spent in this place.
 B = Non-inter-level travel time spent in this place.
 C = Inter-level travel time spent in this place.
 D = Time resting spent in this place.
 E = Time spent auto-exploring this place.
 F = Levels seen in this place.
 G = Mean time per level.
                   A        B        C        D        E       F      G
               +--------+--------+--------+--------+--------+-----+--------+
         Total |   5005 |   4897 |    108 |   1068 |   3023 |   6 |  834.2 |
       Dungeon |   5005 |   4897 |    108 |   1068 |   3023 |   6 |  834.2 |
               +--------+--------+--------+--------+--------+-----+--------+

Top non-repeatable levels by time:
     D:4: 1164 daAuts
     D:5: 982 daAuts
     D:3: 752 daAuts
     D:2: 733 daAuts
     D:6: 702 daAuts
     D:1: 670 daAuts
